 Dungeon Crawl Stone Soup version 0.21-a0-196-g6a663c0 (webtiles) character file.

1557 grisnicke the Slinger (level 9, -4/62 HPs)
             Began as a Halfling Arcane Marksman on Aug 15, 2017.
             Killed from afar by a starcursed mass (5 damage)
             ... with an accursed screaming
             ... on level 1 of the Abyss.
             The game lasted 00:38:04 (7110 turns).

grisnicke the Slinger (Halfling Arcane Marksman)    Turns: 7110, Time: 00:38:05

Health: -4/62      AC: 13    Str: 14    XL:     9   Next: 12%
Magic:  10/10      EV: 10    Int: 11    God:
Gold:   377        SH:  0    Dex: 15    Spells: 7/10 levels left

rFire    . . .     SeeInvis .   b - +0 hunting sling
rCold    . . .     Gourm    .   (shield restricted)
rNeg     + . .     Faith    .   q - +0 scale mail
rPois    +         Spirit   .   H - +2 helmet
rElec    .         Reflect  .   (no cloak)
rCorr    .         Harm     .   x - +1 pair of gloves
MR       .....                  A - +1 pair of boots
Stlth    ..........             (no amulet)
HPRegen  0.20/turn              z - ring of poison resistance {rPois, !d}
MPRegen  0.12/turn              n - ring of positive energy {rN+}

@: very slightly contaminated, constricted, invisible
A: mutation resistance 1
a: no special abilities


You were on level 1 of the Abyss.
You were not hungry.

You visited 1 branch of the dungeon, and saw 5 of its levels.
You visited the Abyss 1 time.

You collected 377 gold pieces.

Inventory:

Hand Weapons
 a - a +2 mace of protection
   (You took it off an orc on level 5 of the Dungeon)
 b - a +0 hunting sling (weapon)
 k - a +0 war axe
   (You took it off a crimson imp on level 5 of the Dungeon)
 p - a +2 dagger of distortion {!w}
   (You found it on level 5 of the Dungeon)
 u - a +0 short sword
   (You took it off a kobold on level 1 of the Dungeon)
Missiles
 d - 27 sling bullets
 g - 68 stones (quivered)
 F - a throwing net {=f, !d}
Armour
 q - a +0 scale mail (worn)
   (You found it on level 2 of the Dungeon)
 x - a +1 pair of gloves (worn)
   (You found it on level 3 of the Dungeon)
 A - a +1 pair of boots (worn)
   (You found it on level 3 of the Dungeon)
 H - a +2 helmet (worn)
   (You took it off Robin on level 4 of the Dungeon)
Jewellery
 n - a ring of positive energy (right hand) {rN+}
   (You took it off an orc wizard on level 4 of the Dungeon)
 z - a ring of poison resistance (left hand) {rPois, !d}
   (You found it on level 4 of the Dungeon)
Wands
 h - a wand of iceblast (8/15)
   (You found it on level 5 of the Dungeon)
 s - a wand of polymorph (20/24)
   (You found it on level 2 of the Dungeon)
 B - a wand of paralysis (13/24)
   (You found it on level 3 of the Dungeon)
Scrolls
 l - 2 scrolls of enchant weapon
 r - a scroll of fog
 v - 5 scrolls of remove curse
Potions
 i - a potion of flight
 m - 2 potions of curing
Books
 c - a book of Debilitation
 y - a book of Minor Magic
   (You found it on level 3 of the Dungeon)
Comestibles
 f - 5 bread rations {@e1}
 j - 2 chunks of flesh {@w0}
 o - 4 fruits
 t - a royal jelly
 C - 2 meat rations {@e2}


   Skills:
 - Level 6.1 Fighting
 - Level 1.0 Short Blades
 + Level 11.0 Slings
 + Level 4.5 Dodging
 - Level 1.0 Spellcasting
 - Level 2.4 Hexes


You had 7 spell levels left.
You knew the following spells:

 Your Spells              Type           Power        Failure   Level  Hunger
s - Slow                  Hex            #.......     63%         2    ###....
v - Corona                Hex            #......      47%         1    ##.....


Dungeon Overview and Level Annotations

Branches:
Dungeon (5/15)
 Temple: D:4-7

Altars:

Annotations:
D:3 Sigmund


Innate Abilities, Weirdness & Mutations

You are small and have problems with some larger weapons.
You are somewhat resistant to further mutation.


Message History

r - Retreat! s - Stop attacking. g - Guard the area. f - Follow me.
Anything else - Cancel.
Okay, then.
Wield which item (- for none, * to show all)? (? for menu, Esc to quit)
Really unwield
p - a +2 dagger of distortion {!w}?
b - a +0 hunting sling (weapon)
You are cast into the Abyss!
To return, you must find a gate leading back.
Killing monsters will force the Abyss to allow you passage.
This branch contains the abyssal rune of Zot.
A tentacled starspawn and a large abomination come into view.
Really read
w - 2 scrolls of blinking {!r}?
Blink to where?
You are very lightly contaminated with residual magic.
As you read the scroll of blinking {!r}, it crumbles to dust.
The tentacled starspawn barely misses you.
The tentacled starspawn engulfs you.
You take 2 damage, and have 60/62 hp.
An emperor scorpion zombie comes into view.
A starcursed mass comes into view.
A starcursed mass splits.
A tentacle flies out from the starspawn's body!
A starspawn tentacle comes into view.
Really read
w - a scroll of blinking {!r}?
Blink to where?
As you read the scroll of blinking {!r}, it crumbles to dust.
A worldbinder comes into view.
The worldbinder calls forth creatures from the Swamp!
A starcursed mass comes into view.
The swamp drake breathes noxious fumes at you.
The noxious blast engulfs the worldbinder.
The worldbinder appears unharmed.
A large abomination comes into view.
The vampire mosquito bites you but does no damage.
The starcursed mass shrieks in your mind.
You take 7 damage, and have 54/62 hp.
The vampire mosquito bites you.
The vampire mosquito draws strength from your injuries!
A starcursed mass splits.
You take 3 damage, and have 51/62 hp.
It was a potion of invisibility.
You fade into invisibility!
The vampire mosquito bites you but does no damage.
The vampire mosquito closely misses you.
A starcursed mass splits. x2
A chorus of shrieks assaults your mind.
You take 10 damage, and have 41/62 hp.
The vampire mosquito bites you but does no damage.
A starcursed mass splits.
A small abomination comes into view.
The vampire mosquito completely misses you.
The vampire mosquito disappears in a puff of smoke!
A starcursed mass splits.
The worldbinder calls forth creatures from the Swamp!
The small abomination closely misses you.
The vampire mosquito buzzes angrily. x2; You hear a roar!
The swamp drake disappears in a puff of smoke!
The insubstantial wisp disappears in a puff of smoke!
The large abomination misses you.
A starcursed mass splits.
A tentacled monstrosity comes into view.
The vampire mosquito buzzes angrily. x3; You hear a roar!
The tentacled monstrosity tentacle-slaps you but does no damage.
The tentacled monstrosity tentacle-slaps you.
The tentacled monstrosity tentacle-slaps you but does no damage.
The tentacled monstrosity barely misses you.
You take 4 damage, and have 38/62 hp.
The vampire mosquito buzzes angrily.
You see here a scroll of enchant weapon.
l - 2 scrolls of enchant weapon (gained 1)
The vampire mosquito buzzes angrily.
Aim: a tentacled monstrosity You shoot a stone.
The stone hits the tentacled monstrosity.
The vampire mosquito buzzes angrily. x3
The tentacled monstrosity tentacle-slaps you. x2
The tentacled monstrosity tentacle-slaps you!
The tentacled monstrosity grabs you.
* * * LOW HITPOINT WARNING * * *
The tentacled monstrosity constricts you!
You take 23 damage, and have 16/62 hp.
MASSIVE DAMAGE!!
Aim: a tentacled monstrosity (lightly wounded, constricting you)
You shoot a stone.
The stone hits the tentacled monstrosity.
The vampire mosquito buzzes angrily. x3
The tentacled monstrosity tentacle-slaps you but does no damage.
The tentacled monstrosity tentacle-slaps you!
* * * LOW HITPOINT WARNING * * *
The tentacled monstrosity tentacle-slaps you but does no damage.
* * * LOW HITPOINT WARNING * * *
The tentacled monstrosity constricts you.
You take 15 damage, and have 1/62 hp.
MASSIVE DAMAGE!!
Aim: a tentacled monstrosity (lightly wounded, constricting you)
You shoot a stone.
The stone hits the tentacled monstrosity but does no damage.
The vampire mosquito buzzes angrily.
A chorus of shrieks assaults your mind.
You die...
X

.$# ##X## #
#X##.##.## #
#..XX.... #! #
##.##.. #####
#Z## # (≈. ..≈
####.#####.# #
#@##x##y##X##.#
#X..8yyXX§X% X#
#.##X##x##X##$#
#$##.#####§#
###.≈. $§k
##.## ##### #.#
... #.#


You could see 2 starcursed masses, a tentacled monstrosity, a large abomination,
a worldbinder and 2 vampire mosquitoes.

Vanquished Creatures
  Grinder (D:5)
  2 ice beasts
  2 ogres
  A scorpion (D:4)
  3 howler monkeys (D:4)
  2 crimson imps
  A jelly (D:5)
  2 hounds
  4 orc priests (D:5)
  2 bullfrog skeletons (D:5)
  Terence (D:2)
  4 orc wizards
  3 worker ants
  Robin (D:4)
  5 gnolls
  9 adders
  A shadow imp (D:5)
  5 oozes
  An adder zombie (D:5)
  A worm (D:4)
  3 dart slugs
  2 leopard geckos
  6 orcs
  A ball python (D:4)
  10 bats
  9 giant cockroaches
  15 hobgoblins
  7 jackals
  11 kobolds
  3 quokkas
  4 frilled lizards
  16 goblins
  6 rats
144 creatures vanquished.

Vanquished Creatures (others)
  5 fungi (D:5)
  2 starspawn tentacles (Abyss:1)
7 creatures vanquished.

Grand Total: 151 creatures vanquished

Notes
Turn   | Place    | Note
-------+----------+-------------------------------------------
     0 | D:1      | grisnicke the Halfling Arcane Marksman began the quest for the Orb.
     0 | D:1      | Reached XP level 1. HP: 12/12 MP: 2/2
   124 | D:1      | Reached skill level 1 in Fighting
   206 | D:1      | Reached XP level 2. HP: 8/18 MP: 3/3
   447 | D:1      | Learned a level 2 spell: Slow
   935 | D:1      | Reached skill level 4 in Slings
  1081 | D:1      | Reached XP level 3. HP: 13/24 MP: 4/4
  1427 | D:1      | Reached skill level 2 in Fighting
  2144 | D:1      | Reached XP level 4. HP: 26/29 MP: 2/5
  2534 | D:2      | Reached skill level 1 in Short Blades
  2983 | D:2      | Noticed Terence
  3008 | D:2      | Reached skill level 5 in Slings
  3211 | D:2      | Reached XP level 5. HP: 35/36 MP: 6/6
  3303 | D:2      | Killed Terence
  3303 | D:2      | Reached skill level 3 in Fighting
  3485 | D:3      | Noticed Sigmund
  3689 | D:3      | Reached skill level 6 in Slings
  3841 | D:3      | Reached XP level 6. HP: 41/42 MP: 7/7
  4035 | D:3      | Found a faded altar of an unknown god.
  4276 | D:4      | Noticed an ogre
  4287 | D:4      | Killed an ogre
  4391 | D:4      | Reached skill level 4 in Fighting
  4528 | D:4      | Noticed Robin
  4666 | D:4      | Killed Robin
  4950 | D:4      | Reached skill level 7 in Slings
  4993 | D:4      | Reached XP level 7. HP: 37/48 MP: 8/8
  5382 | D:4      | Reached skill level 8 in Slings
  5683 | D:5      | Entered Level 5 of the Dungeon
  5735 | D:5      | Reached skill level 5 in Fighting
  5838 | D:5      | HP: 1/50 [orc priest/divine providence (17)]
  5928 | D:5      | Reached XP level 8. HP: 46/55 MP: 9/9
  6218 | D:4      | Reached skill level 9 in Slings
  6254 | D:5      | Reached skill level 6 in Fighting
  6708 | D:5      | Noticed Grinder
  6723 | D:5      | Killed Grinder
  6723 | D:5      | Reached skill level 10 in Slings
  6723 | D:5      | Reached skill level 3 in Dodging
  6750 | D:5      | Reached XP level 9. HP: 50/62 MP: 10/10
  6757 | D:5      | Reached skill level 4 in Dodging
  7047 | D:5      | Reached skill level 11 in Slings
  7092 | D:5      | Cast into level 1 of the Abyss (a distortion unwield)
  7093 | Abyss:1  | Noticed a tentacled starspawn
  7095 | Abyss:1  | Noticed a starcursed mass
  7096 | Abyss:1  | Noticed a worldbinder
  7097 | Abyss:1  | Noticed a starcursed mass
  7105 | Abyss:1  | Noticed a tentacled monstrosity
  7109 | Abyss:1  | HP: 6/62 [tentacled monstrosity (10)]
  7109 | Abyss:1  | HP: 1/62 [tentacled monstrosity (5)]
  7110 | Abyss:1  | Killed from afar by a starcursed mass

Vault maps used:
D:1:      dpeg_arrival_castle
D:2:      hex_intersection, uniq_terence
D:3:      cheibrodos_helix_gallery, serial_glass, glass_columns_a,
          glass_columns_a, chequers_ecumenical_altar_grove, uniq_sigmund
D:4:      lightli_corner_chamber, uniq_robin
D:5:      serial_aquarium, aquarium_bridge_straight, aquarium_window_fake,
          aquarium_window_corner, aquarium_view_2e, aquarium_view_2e,
          aquarium_balcony_1b, first_bread, grunt_ministairs_1,
          nrook_pool_corridor, uniq_grinder
Abyss:1:  hangedman_cross_veins

Skill      XL: |  1  2  3  4  5  6  7  8  9 |
---------------+----------------------------+-----
Fighting       | 1 2 3 4 5 6 |  6.1
Slings         | 4 5 6 7 8 10 11 | 11.0
Short Blades   | 1 |  1.0
Dodging        | 3 4 |  4.5
Spellcasting   | |  1.0
Hexes          | |  2.4

Action                   |  1- 3 |  4- 6 |  7- 9 || total
-------------------------+-------+-------+-------++-------
Melee: Dagger            |   200 |    15 |       ||   215
       Short sword       |       |    34 |       ||    34
       Mace              |       |   247 |   283 ||   530
 Fire: Hunting sling     |    19 |    75 |    98 ||   192
Throw: Stone             |    45 |    11 |       ||    56
 Cast: Corona            |    40 |     4 |       ||    44
Evoke: Wand              |       |     1 |     3 ||     4
  Use: Scroll            |     2 |     5 |    12 ||    19
       Potion            |       |     1 |     6 ||     7
 Stab: Sleeping          |     1 |       |       ||     1
       Paralysed         |       |     6 |     8 ||    14
  Eat: Chunk             |     6 |     9 |     6 ||    21
       Royal jelly       |       |       |     1 ||     1
Armor: Robe              |    34 |     1 |       ||    35
       Scale mail        |       |   175 |   216 ||   391
Dodge: Dodged            |   174 |   276 |   239 ||   689

Vault maps used:
D:1:      dpeg_arrival_castle
D:2:      hex_intersection, uniq_terence
D:3:      cheibrodos_helix_gallery, serial_glass, glass_columns_a,
          glass_columns_a, chequers_ecumenical_altar_grove, uniq_sigmund
D:4:      lightli_corner_chamber, uniq_robin
D:5:      serial_aquarium, aquarium_bridge_straight, aquarium_window_fake,
          aquarium_window_corner, aquarium_view_2e, aquarium_view_2e,
          aquarium_balcony_1b, first_bread, grunt_ministairs_1,
          nrook_pool_corridor, uniq_grinder
Abyss:1:  hangedman_cross_veins

Table legend:
 A = Turns spent in this place as a percentage of turns spent in the entire game.
 B = Non-inter-level travel turns spent in this place as a percentage of non-inter-level travel turns spent in the entire game.
 C = Inter-level travel turns spent in this place as a percentage of turns spent in this place.
 D = Turns resting spent in this place as a percentage of non-inter-level travel turns spent in this place.
 E = Turns spent auto-exploring this place as a percentage of non-inter-level travel turns spent in this place.
 F = Non-inter-level travel turns spent in this place divided by the number of levels of this place that you've seen.
                   A       B       C       D       E      F
               +-------+-------+-------+-------+-------+----------------------
         Total | 100.0 | 100.0 |   0.3 |   2.5 |   1.5 | 527.8
       Dungeon |  99.4 |  99.4 |   0.3 |   2.5 |   1.6 | 629.8
         Abyss |   0.6 |   0.6 |   0.0 |   0.0 |   0.0 |  18.0
               +-------+-------+-------+-------+-------+----------------------

Table legend:
 A = Kills in this place as a percentage of kills in entire the game.
 B = Kills by you in this place as a percentage of kills by you in the entire game.
 C = Kills by friends in this place as a percentage of kills by friends in the entire game.
 D = Other kills in this place as a percentage of other kills in the entire game.
 E = Experience gained in this place as a percentage of experience gained in the entire game.
 F = Experience gained in this place divided by the number of levels of this place that you have seen.
                   A       B       C       D       E      F
               +-------+-------+-------+-------+-------+----------------------
         Total | 100.0 | 100.0 |  -nan |  -nan | 100.0 | 370.8
       Dungeon | 100.0 | 100.0 |  -nan |  -nan | 100.0 | 445.0
               +-------+-------+-------+-------+-------+----------------------
